AoeStats
← OcultoElTopo

Arena

509483681Analyzed
1v1 RM · 6d ago on Sep 26, 2026· 46m 46s· 2 players
Game mode
Random Map
Map size
Tiny (2 player)
Population
200
Speed
Normal
Resources
Standard
Victory
Conquest
Starting age
Dark Age
Ending age
Imperial Age
RankedLock teamsTeams togetherTeam positionsShared explorationLock speedFull tech treeHidden civsTurbo modeCheats
Victory
Defeat
🇦🇷 Burgundians · Argentina
1084
+16
🇨🇱 Poles · Chile
1076
-16
Endurance
11:00 Feudal Age
14:59 Castle Age
13:13 Double-Bit Axe
13:44 Horse Collar
18:05 Heavy Plow
18:20 Bow Saw
22:31 Heavy Plow
23:19 Fletching
24:28 Bodkin Arrow
31:11 Imperial Age
28:27 Loom
33:09 Town Watch
34:05 Stone Mining
34:32 Bloodlines
34:45 Light Cavalry
36:18 Husbandry
37:12 Squires
39:00 Conscription
38:55 Forging
38:45 Scale Mail Armor
38:42 Pikeman
40:14 Scale Mail Armor
42:39 Scale Barding Armor
43:10 Iron Casting
42:11 Winged Hussar
45:28 Chain Barding Armor
45:24 Chain Mail Armor
46:32 Blast Furnace
OcultoElTopo
5:13 Double-Bit Axe
8:01 Horse Collar
9:49 Loom
12:03 Feudal Age
14:18 Wheelbarrow
17:08 Castle Age
16:30 Bow Saw
16:48 Scale Mail Armor
17:31 Forging
17:19 Arson
17:48 Heavy Plow
18:32 Chain Mail Armor
18:21 Gold Mining
20:24 Squires
25:10 Cavalier
28:56 Scale Barding Armor
28:55 Stone Mining
29:42 Light Cavalry
31:28 Husbandry
36:30 Imperial Age
34:40 Burgundian Vineyards
37:24 Gold Shaft Mining
36:35 Capped Ram
38:27 Chemistry
37:58 Conscription
38:02 Hussar
42:40 Padded Archer Armor
44:07 Leather Archer Armor
43:24 Paladin
Connection lost

Rejoining the realm…

Still unreachable

The connection could not be restored.

Session expired

The server has moved on; the page needs a fresh start.